 Dungeon Crawl Stone Soup version 0.18.1-5-g4a78601 (webtiles) character file.

27 M4edhros the Insei (level 3, -2/17 HPs)
             Began as a Vine Stalker Transmuter on May 10, 2016.
             Slain by an adder (4 damage)
             ... on level 2 of the Dungeon.
             The game lasted 00:02:18 (628 turns).

M4edhros the Insei (Vine Stalker Transmuter)         Turns: 628, Time: 00:02:18

Health: -2/17      AC:  2    Str: 12    XL:     3   Next: 10%
Magic:  0/7        EV: 12    Int: 13    God:
Gold:   97         SH:  0    Dex: 15    Spells: 1 memorised, 5 levels left

rFire  . . .     SeeInvis .       - Unarmed
rCold  . . .     Gourm    .     b - +0 robe
rNeg   . . .     Faith    +     (no shield)
rPois  .         Spirit   +     (no helmet)
rElec  .         Dismiss  .     (no cloak)
rCorr  .         Reflect  .     (no gloves)
SustAt .         Harm     .     (boots currently unavailable)
MR     .....                    l - amulet of faith
Stlth  +.........               (no ring)
                                (no ring)

@: lethally poisoned (-2 -> -3), appendage (expiring), not resistant to hostile
enchantments, very unstealthy
A: fangs 2, talons 3, regeneration 1, magic shield, antimagic bite, no device
heal 3, rot immunity
a: End Transformation


You were on level 2 of the Dungeon.
You were not hungry.
You had grown temporary talons.
You visited 1 branch of the dungeon, and saw 3 of its levels.

You collected 97 gold pieces.

Inventory:

Missiles
 a - 37 arrows
Armour
 b - a +0 robe (worn)
Jewellery
 l - an amulet of faith (around neck)
Scrolls
 e - 2 scrolls of magic mapping {unknown}
 f - 3 scrolls of identify {unknown}
 i - 2 scrolls of noise {unknown}
 j - a scroll of recharging {unknown}
Potions
 g - a potion of heal wounds {unknown}
 h - a potion of curing {unknown}
 k - a potion of lignification {unknown}
 m - a potion of flight {unknown}
 n - a potion of degeneration {unknown}
Books
 c - a book of Changes

   Spells                             Type                      Level
   a - Beastly Appendage              Transmutation                1
   b - Sticks to Snakes               Transmutation                2
   c - Spider Form                    Transmutation/Poison         3
   d - Ice Form                       Ice/Transmutation            4
   e - Blade Hands                    Transmutation                5
Comestibles
 d - 2 bread rations
 o - a beef jerky


   Skills:
 - Level 0.8 Fighting
 - Level 1.5 Dodging
 + Level 4.1 Unarmed Combat
 - Level 2.1 Spellcasting
 - Level 2.0 Transmutations


You had 5 spell levels left.
You knew the following spells:

 Your Spells              Type           Power        Failure   Level  Hunger
a - Beastly Appendage     Trmt           #.....       12%         1    ##.....


Dungeon Overview and Level Annotations

Branches:
Dungeon (3/15)

Altars:

Annotations:
D:3 Grinder


Innate Abilities, Weirdness & Mutations

You have extremely sharp teeth.
Your natural rate of healing is unusually fast.
When hurt, damage is shared between your health and your magic reserves.
Your bite disrupts and absorbs the magic of your enemies.
Potions and wands cannot restore your health.
You are immune to rotting.
You have claws for feet.


Message History

* * * LOW HITPOINT WARNING * * *
There is an escape hatch in the ceiling here.
Your transformation is almost over.
You feel sick. The adder bites you.
* * * LOW HITPOINT WARNING * * *
A mysterious force pulls you upwards. The hatch slams shut behind you.
Drink which item? (? for menu, Esc to quit)
Okay, then.
You closely miss the adder. Your bite misses the adder.
You feel sick. The adder bites you.
* * * LOW HITPOINT WARNING * * *
You barely miss the adder. Your bite misses the adder. The adder bites you.
The adder barely misses you.
You hit the adder. Your bite misses the adder.
The adder is heavily wounded.
The adder completely misses you.
You hit the adder. Your kick misses the adder. Your bite misses the adder.
The adder is heavily wounded.
The adder bites you.
You die...

######## ## #. #.
##. ######<.
######†......
######.......####.
###@..÷......###
#.
####...S#########
#. #.....### #.
#....## ## #....#
###### #


You could see an adder.

Vanquished Creatures
  A worm (D:2)
  A dart slug (D:1)
  A giant cockroach (D:3)
  3 goblins (D:1)
  4 jackals (D:2)
  4 kobolds
  A quokka (D:3)
  3 giant newts
  3 rats
21 creatures vanquished.

Notes
Turn   | Place    | Note
--------------------------------------------------------------
     0 | D:1      | M4edhros the Vine Stalker Transmuter began the quest for the Orb.
     0 | D:1      | Reached XP level 1. HP: 9/9 MP: 4/4
   147 | D:1      | Reached XP level 2. HP: 14/14 MP: 6/6
   496 | D:2      | Reached skill level 4 in Unarmed Combat
   546 | D:3      | Reached XP level 3. HP: 17/17 MP: 7/7
   619 | D:3      | Noticed Grinder
   628 | D:2      | Slain by an adder

Skill      XL: |  1  2 |
---------------+-------+-----
Unarmed Combat | 4 |  4.1
Fighting       | |  0.8
Dodging        | |  1.5
Spellcasting   | |  2.1
Transmutations | |  2.0

Action                   || total
-------------------------++-------
Melee: Unarmed           ||    71
       Bite              ||    12
       Kick              ||     7
 Cast: Beastly Appendage ||    10
Armor: Robe              ||    12
Dodge: Dodged            ||    41
